Map: Ulrena

Players

Worming

  • Race: Zerg Zerg
  • League: Platinum

Plunium - Winner!

  • Race: Terran Terran
  • League: Platinum

VOD

Have the link to the VOD?

Description

Time

  • Played on: Nov. 11, 2015, 8:38 a.m.
  • Length: 11:11
Show
View Real Time Build Order
Export as new Build Order

Worming Zerg 

Build Orders: Pool First 

Get SALT Encoding   

  12  0:01  Drone  
  13  0:09  Drone  
  14  0:22  Overlord  
  14  0:26  Extractor  
  14  0:27  Drone, Extractor  
  13  0:29  Drone  
  16  0:41  Drone  
  17  0:49  Drone  
  18  1:05  Drone  
  18  1:09  Extractor  
  18  1:11  Spawning Pool  
  17  1:20  Drone  
  17  1:21  Hatchery  
  17  1:24  Drone  
  18  1:37  Drone  
  19  1:52  Drone, Overlord  
  20  1:58  Queen  
  22  2:14  Metabolic Boost  
  22  2:16  Zergling x4  
  24  2:24  Zergling x2  
  25  2:32  Queen  
  25  2:33  Queen, Zergling x2  
  25  2:34  Zergling x2  
  31  3:03  Zergling x8  
  31  3:24  Lair  
  31  3:26  Drone x5  
  35  3:38  Queen  
  35  3:55  Drone  
  36  3:57  Overlord x5  
  36  4:03  Extractor  
  36  4:04  Roach Warren  
  34  4:15  Extractor  
  32  4:21  Drone x3  
  32  4:22  Drone  
  32  4:23  Drone x2  
  38  4:32  Drone x3  
  41  4:42  Drone  
  41  4:43  Drone  
  41  4:45  Overlord  
  43  4:56  Roach x2  
  43  4:57  Roach x3  
  53  5:00  Overlord  
  47  5:23  Drone x5  
  47  5:25  Drone x4  
  47  5:28  Glial Reconstitution  
  57  5:42  Ravager  
  57  5:43  Ravager x2  
  59  5:51  Pneumatized Carapace  
  59  5:53  Overseer  
  59  5:58  Extractor  
  58  6:06  Hatchery  
  55  6:18  Drone  
  55  6:19  Drone x2  
  55  6:20  Drone x2  
  55  6:22  Queen  
  62  6:32  Drone x4  
  66  6:33  Overlord x2  
  66  6:42  Drone  
  66  6:43  Spire  
  66  6:52  Drone x5  
  71  6:58  Zergling x2  
  72  7:13  Roach  
  72  7:14  Roach x5  
  84  7:19  Drone x2  
  84  7:20  Drone x2  
  84  7:22  Evolution Chamber x2  
  85  7:41  Roach  
  85  7:42  Roach x4  
  82  7:48  Zerg Missile Weapons Level 1  
  82  7:49  Zerg Ground Armor Level 1  
  82  7:50  Roach x3  
  84  8:13  Roach x2  
  84  8:17  Overseer  
  82  8:26  Drone x2  
  84  8:28  Hydralisk Den  
  84  8:29  Extractor  
  84  8:31  Extractor  
  84  8:33  Roach x4  
  84  8:34  Roach x2  
  79  8:51  Roach x2  
  79  8:52  Roach x3  
  80  8:56  Hatchery  
  80  8:57  Queen  
  80  8:58  Queen  
  80  9:00  Roach  
  80  9:01  Roach x3  
  69  9:24  Overseer  
  69  9:28  Drone x11  
  80  9:33  Queen  
  82  9:49  Drone x3  
  82  9:52  Queen  
  86  10:04  Hydralisk  
  86  10:05  Hydralisk x5  
  98  10:12  Roach x2  
  98  10:13  Roach x3  
  102  10:21  Roach  
  102  10:22  Roach x2  
  102  10:25  Ravager  
  105  10:28  Overseer  
Show
View Real Time Build Order
Export as new Build Order

Plunium Terran - Winner!

Build Orders: Cyclone Opening, MMM Bio 

Get SALT Encoding   

  12  0:01  SCV  
  13  0:13  SCV  
  14  0:20  Supply Depot  
  14  0:25  SCV  
  15  0:33  Refinery  
  15  0:42  SCV  
  16  0:45  Barracks  
  16  0:54  SCV  
  17  1:06  SCV  
  19  1:18  SCV  
  19  1:20  Refinery  
  19  1:32  Marine  
  20  1:34  Orbital Command  
  20  1:35  Factory  
  20  1:48  Supply Depot  
  20  1:50  Marine  
  21  2:00  SCV  
  23  2:13  SCV  
  23  2:14  Barracks Tech Lab  
  23  2:25  SCV  
  24  2:38  Cyclone  
  24  2:40  Starport  
  27  2:47  SCV  
  27  2:48  Marine  
  29  2:58  Command Center  
  29  3:04  Bunker  
  29  3:07  SCV  
  28  3:24  Marine  
  29  3:36  Supply Depot, SCV  
  29  3:40  Liberator  
  27  3:47  Cyclone  
  27  3:48  Marine  
  31  3:55  Supply Depot  
  32  4:05  Marine  
  32  4:09  Orbital Command  
  32  4:20  Supply Depot  
  32  4:30  Liberator  
  32  4:32  Barracks, SCV  
  32  4:33  Barracks  
  33  4:39  Stimpack  
  33  4:50  SCV  
  33  4:51  SCV  
  38  5:00  Marine  
  38  5:02  SCV  
  40  5:07  SCV  
  41  5:14  SCV  
  41  5:20  SCV  
  40  5:21  Barracks Reactor x2  
  40  5:27  SCV  
  41  5:30  Starport Reactor  
  41  5:32  SCV  
  42  5:39  Factory Reactor, SCV  
  42  5:41  Command Center, Marauder  
  45  5:44  SCV  
  45  5:45  Refinery  
  45  5:46  Refinery  
  46  5:51  SCV  
  46  5:56  SCV  
  48  5:58  Supply Depot  
  48  5:59  Supply Depot  
  48  6:00  Marine x2  
  48  6:02  Marine  
  48  6:03  SCV  
  48  6:04  Marine  
  53  6:17  SCV x2  
  52  6:24  Supply Depot  
  52  6:26  Marine x3  
  52  6:27  Marine  
  52  6:28  Marauder  
  52  6:29  Medivac, SCV x2  
  52  6:30  Medivac  
  52  6:32  Widow Mine  
  64  6:33  Widow Mine  
  68  6:41  SCV x2  
  68  6:45  Supply Depot  
  68  6:47  Marine x3  
  70  6:48  Marine  
  70  6:52  Combat Shields  
  70  6:53  SCV  
  75  6:59  Engineering Bay  
  75  7:04  Engineering Bay  
  75  7:11  Medivac x2  
  79  7:32  SCV x2  
  79  7:34  Marine x4  
  79  7:35  Marauder  
  79  7:36  Supply Depot  
  84  7:52  Marine x2  
  84  7:54  Orbital Command  
  84  7:55  Medivac x2, Widow Mine x2  
  84  7:57  Barracks  
  94  7:58  Barracks  
  92  8:10  Marine x3  
  92  8:11  Marine  
  92  8:12  Marauder  
  97  8:17  Supply Depot  
  97  8:18  Terran Infantry Weapons Level 1, Terran Infantry Armor Level 1  
  93  8:29  Marine x3  
  93  8:30  Marine  
  93  8:31  Medivac x2, Widow Mine  
  93  8:33  Marauder  
  96  8:59  Barracks Tech Lab, Marine x4  
  96  9:00  Barracks Tech Lab  
  97  9:02  Barracks  
  97  9:03  Marine  
  97  9:04  Barracks  
  97  9:07  Supply Depot  
  94  9:16  Marine  
  89  9:28  Marine x3  
  89  9:29  Marauder x2  
  89  9:30  Medivac x2, Marauder  
  98  9:32  Orbital Command  
  98  9:34  Supply Depot  
  98  9:39  Marine  
  95  9:46  Marine x3  
  95  9:48  Armory  
  95  9:49  Widow Mine x2  
  95  9:51  Marauder, Concussive Shells  
  104  9:54  Marine  
  104  9:55  Marauder  
  104  9:58  SCV  
  104  9:59  SCV x2  
  110  10:03  Marine  
  110  10:07  Supply Depot  
  111  10:10  SCV  
  112  10:20  Marine  
  112  10:21  Marauder x2, Marine x2  
  112  10:22  Marauder  
  117  10:36  Marine  
  117  10:38  Marine  
  117  10:39  SCV x3  
  117  10:42  Barracks  
  122  10:45  Barracks  
  119  10:51  SCV  
Tags
 
Add a new tag
Caveats
  • Supply blocks, unpowered buildings, or Contaminate may cause inaccurate times.
  • Supply counts are checked every 10 seconds.